 Dungeon Crawl Stone Soup version 0.27.1-33-g824d729ab1 (webtiles) character file.

Game seed: 5122996449851104072

463 sandia the Caller (level 7, -3/57 HPs)
             Began as a Naga Summoner on Dec 29, 2021.
             Was an Initiate of Hepliaklqana.
             Slain by an orc warrior (11 damage)
             ... on level 5 of the Dungeon.
             The game lasted 01:00:06 (6661 turns).

sandia the Caller (Naga Summoner)                   Turns: 6661, Time: 01:00:06

Health: -3/57      AC:  3    Str: 11    XL:     7   Next: 7%
Magic:  1/13       EV: 10    Int: 17    God:    Hepliaklqana [......]
Gold:   158        SH:  0    Dex: 11    Spells: 5/15 levels left

rFire    . . .     SeeInvis +   b - staff of poison
rCold    . . .     Faith    .   (no shield)
rNeg     . . .     Spirit   .   a - +0 robe
rPois    +         Reflect  .   (no helmet)
rElec    .         Harm     .   (no cloak)
rCorr    .         Rampage  .   (no gloves)
Will     .....                  (no barding)
Stlth    ++........             (no amulet)
HPRegen  0.19/turn              (no ring)
MPRegen  0.13/turn              (no ring)

@: very slow
A: AC +2, large, see invisible, deformed body, poison resistance, slowness 2,
spit poison 1, naga tail 1
a: Spit Poison, Renounce Religion


You were on level 5 of the Dungeon.
You worshipped Hepliaklqana.
Hepliaklqana was noncommittal.
You visited 2 branches of the dungeon, and saw 7 of its levels.

You collected 158 gold pieces.

Inventory:

Hand Weapons
 j - a +0 short sword of electrocution
 k - a +0 club
 l - a +0 short sword
Missiles
 h - 4 large rocks
 n - 6 poisoned darts
 r - 16 bolts
Armour
 a - a +0 robe (worn)
 c - a +0 kite shield
 e - a +2 ring mail of cold resistance
 g - a +0 leather armour
 m - a +0 robe
 p - a +0 robe
Magical Staves
 b - a staff of poison (weapon)
Scrolls
 d - a scroll of torment {unknown}
 f - a scroll of magic mapping {unknown}
 i - 3 scrolls of teleportation
 t - 2 scrolls of fear {unknown}
Potions
 s - a potion of haste {unknown}


   Skills:
 + Level 1.2 Fighting
 + Level 0.1(0.2) Maces & Flails
 + Level 0.1 Staves
 + Level 0.4 Throwing
 + Level 0.6 Armour
 + Level 2.0 Dodging
 + Level 4.0 Stealth
 + Level 0.1 Shields
 + Level 0.1 Unarmed Combat
 + Level 4.5 Spellcasting
 + Level 5.8 Summonings


You had 5 spell levels left.
You knew the following spells:

 Your Spells              Type           Power      Damage    Failure   Level
a - Summon Small Mammal   Summ           92%        N/A       1%          1
b - Call Imp              Summ           23%        N/A       1%          2
c - Call Canine Familiar  Summ           23%        N/A       4%          3
d - Summon Lightning Spi  Summ/Air       13%        N/A       41%         4

Your spell library contained the following spells:

 Spells                   Type           Power      Damage    Failure   Level
 Summon Guardian Golem    Hex/Summ       13%        N/A       14%         3


Dungeon Overview and Level Annotations

Branches:
Dungeon (6/15)             Temple (1/1) D:4

Altars:
Ashenzari
Cheibriados
Dithmenos
Elyvilon
Fedhas
Gozag
Hepliaklqana
Kikubaaqudgha
Nemelex Xobeh
Ru
Sif Muna
Trog
Uskayaw
Vehumet
Wu Jian
Xom
Yredelemnul

Shops:
D:4 :   D:5 *


Innate Abilities, Weirdness & Mutations

Your serpentine skin is tough. (AC +2)
You have supernaturally acute eyesight. (SInv)
Armour fits poorly on your strangely shaped body.
Your system is resistant to poisons. (rPois)
You cover ground very slowly.
You can spit poison.
You have a snake-like lower body.


Message History

The magic dart hits you.
Your white imp barely misses the orc warrior.
The orc misses you.
Your white imp hits the orc but does no damage.
Your white imp barely misses the orc.
The orc warrior hits you with a +0 hand axe!
There is a stone staircase leading up here.
You climb upwards.
There is a stone staircase leading down here.
Casting: Call Canine Familiar (dangerous; 4% risk of failure)
Press: ? - help, Q - select action, (/) - cycle Dir - look around, f - activate The orc warrior barely misses you.
The orc warrior hits you with a +0 hand axe!
The orc warrior closely misses your hound.
Your hound bites the orc warrior but does no damage.
The orc warrior hits your hound with a +0 hand axe!
Your hound bites the orc warrior but does no damage.
The orc warrior hits your hound with a +0 hand axe!
Your hound dies!
Your hound's corpse disappears in a puff of smoke!
Casting: Summon Small Mammal (safe; 1% risk of failure)
Press: ? - help, Q - select action, (/) - cycle Dir - look around, f - activate
Found a fizzy dark potion.
Your quokka bites the orc warrior.
Your quokka barely misses the orc warrior.
The orc warrior hits you with a +0 hand axe!
Your quokka bites the orc warrior.
The orc warrior hits you with a +0 hand axe!
* * * LOW HITPOINT WARNING * * *
The orc warrior hits your quokka with a +0 hand axe.
You open the door.
Your quokka bites the orc warrior but does no damage.
The orc warrior hits you with a +0 hand axe!
* * * LOW HITPOINT WARNING * * *
The orc warrior misses your quokka.
Your quokka bites the orc warrior but does no damage.
Your quokka closely misses the orc warrior.
There is an open door here.
You feel better.
The orc warrior hits you with a +0 hand axe!
You die...

#. #. #. #. #!
#..#.#
###..#.######+#
.....#..@.....#
###.#..o#.###.#
.......r#.#
###.....#.#
#......#..
#.##....#+# .
##...# .###
#>.###...
#.#.###.#


You could see an orc warrior (ally target) and a friendly quokka (summoned).

Vanquished Creatures
  A black bear (D:5)
  An orc priest (D:3)
  2 bats
  A jackal (D:4)
  4 kobolds (D:2)
  3 quokkas
  A frilled lizard (D:1)
  A jackal skeleton (D:4)
  3 rats (D:2)
17 creatures vanquished.

Vanquished Creatures (collateral kills)
  Edmund (D:6)
  A water moccasin (D:5)
  A necrophage (D:4)
  A phantom (D:4)
  A centaur zombie (D:5)
  A jelly (D:4)
  2 orc priests
  An iguana (D:5)
  A hound skeleton (D:4)
  A howler monkey skeleton (D:5)
  6 adders
  3 ufetubi (D:4)
  A worm (D:2)
  A dart slug (D:1)
  10 orcs
  4 endoplasms
  4 giant cockroaches
  3 goblins
  2 hobgoblins
  2 jackals (D:4)
  3 bats
  A frilled lizard (D:1)
  A kobold (D:2)
  2 rats (D:1)
54 creatures vanquished.

Grand Total: 71 creatures vanquished

Notes
Turn   | Place    | Note
-------+----------+-------------------------------------------
     0 | D:1      | sandia the Naga Summoner began the quest for the Orb.
     0 | D:1      | Reached XP level 1. HP: 15/15 MP: 3/3
   433 | D:1      | Reached XP level 2. HP: 11/24 MP: 1/5
  1155 | D:1      | Learned a level 2 spell: Call Imp
  2026 | D:3      | Reached XP level 3. HP: 20/30 MP: 3/6
  2038 | D:3      | Reached XP level 4. HP: 14/37 MP: 0/8
  2289 | D:2      | You fall into a shaft and drop 1 floor!
  3918 | D:1      | Found a faded altar of an unknown god.
  4235 | D:2      | You fall into a shaft and drop 2 floors!
  4317 | D:4      | Reached XP level 5. HP: 41/43 MP: 6/9
  4317 | D:4      | Found Kuhodot's Book Emporium.
  4451 | D:4      | Found a staircase to the Ecumenical Temple.
  4460 | Temple   | Entered the Ecumenical Temple
  4587 | Temple   | Became a worshipper of Hepliaklqana the Forgotten
  4625 | Temple   | Learned a level 3 spell: Call Canine Familiar
  4630 | Temple   | Learned a level 4 spell: Summon Lightning Spire
  5002 | D:4      | Reached skill level 5 in Summonings
  5034 | D:4      | Noticed a necrophage
  5071 | D:4      | Killed a necrophage
  5072 | D:4      | Reached skill level 1 in Fighting
  5205 | D:4      | Noticed a phantom
  5226 | D:4      | HP: 1/44 [ufetubus (3)]
  5244 | D:4      | Killed a phantom
  5245 | D:4      | Reached XP level 6. HP: 10/51 MP: 1/11
  5668 | D:5      | Entered Level 5 of the Dungeon
  5700 | D:5      | Noticed a black bear
  5903 | D:5      | Killed a black bear
  5908 | D:5      | Noticed a water moccasin
  6296 | D:5      | Killed a water moccasin
  6371 | D:5      | Noticed a two-headed ogre
  6374 | D:5      | Found Zyfov's Assorted Antiques.
  6532 | D:5      | Noticed a black bear
  6623 | D:6      | Noticed Edmund
  6634 | D:6      | Noticed an orc warrior
  6635 | D:6      | Killed Edmund
  6636 | D:6      | Reached XP level 7. HP: 55/57 MP: 1/13
  6659 | D:5      | HP: 1/57 [orc warrior (11)]
  6661 | D:5      | Slain by an orc warrior

Illustrated notes

Levels and vault maps discovered:
D:1:      eino_arrival_cavern_c, layout_basic, serial_curves, eino_curves_01,
          eino_curves_02, eino_curves_01, shapermc_ecumenical_altar_mp_vishouse,
          minivault_19, minmay_misc_feat_nine_boxes, grunt_decor_fettered,
          wad_floor_pattern_untrapped, hangedman_decor_points
D:2:      layout_basic
D:3:      layout_basic, bloody_makhleb, zin_purify,
          gammafunk_ghost_nasty_kobolds, minmay_door_square, uniq_terence
D:4:      layout_loops_ring, lemuel_temple_firewalk_b, serial_shops,
          nicolae_shop_waterfront, minmay_misc_feat_more_columns
D:5:      layout_loops_ring, overflow_temple_1_default, serial_shops,
          nicolae_shop_crystal, serial_glass, glass_columns_a, glass_columns_a,
          glass_columns_a, glass_columns_a, glass_columns_b, glass_columns_b,
          glass_columns_b, glass_columns_a, glass_columns_a, glass_columns_a,
          amcnicky_mini_rare_corridor_liquid, minivault_1,
          minmay_misc_feat_encased, lightli_corner_chamber
D:6:      layout_cave_pools, grunt_decor_clamped, grunt_decor_arrowhead,
          minivault_25, uniq_sigmund, uniq_edmund
Temple:   minmay_crystal_spiral_temple

Skill      XL: |  1  2  3  4  5  6 |
---------------+-------------------+-----
Spellcasting   | 3 4 |  4.5
Summonings     | 5 |  5.8
Fighting       | 1 |  1.2
Dodging        | 2 |  2.0
Stealth        | 4 |  4.0
Maces & Flails | |  0.1
Staves         | |  0.1
Throwing       | |  0.4
Armour         | |  0.6
Shields        | |  0.1
Unarmed Combat | |  0.1

Action                   |  1- 3 |  4- 6 |  7- 9 || total
-------------------------+-------+-------+-------++-------
Melee: Unarmed           |    22 |       |       ||    22
       Club              |    12 |       |       ||    12
       Staff             |       |    31 |     2 ||    33
Throw: Dart              |       |     2 |       ||     2
 Cast: Summon Small Mamm |    16 |    18 |     1 ||    35
       Call Imp          |     9 |    75 |       ||    84
       Call Canine Famil |       |    15 |     1 ||    16
       Summon Lightning  |       |     2 |       ||     2
 Abil: Spit Poison       |    11 |    10 |       ||    21
  Use: Potion            |     1 |     3 |     1 ||     5
       Scroll            |     1 |     4 |       ||     5
Armor: Ring mail         |    31 |       |       ||    31
       Robe              |    11 |     9 |     2 ||    22
Dodge: Dodged            |    35 |    40 |     4 ||    79
Block: Kite shield       |    27 |       |       ||    27
